 Dungeon Crawl Stone Soup version 0.26.0-10-g1f06aea511 (webtiles) character file.

Game seed: 13162856260356907374

63 Borgoz the Slasher (level 4, -1/37 HPs)
             Began as a Ghoul Gladiator on Jan 30, 2021.
             Slain by an orc (5 damage)
             ... on level 2 of the Dungeon.
             The game lasted 00:01:32 (1315 turns).

Borgoz the Slasher (Ghoul Gladiator)                Turns: 1315, Time: 00:01:33

Health: -1/37      AC:  5    Str: 17    XL:     4   Next: 9%
Magic:  3/3        EV: 12    Int:  3    God:
Gold:   82         SH:  0    Dex: 11    Spells: 3/3 levels left

rFire    . . .     SeeInvis .   a - +0 long sword
rCold    + + .     Faith    +   (no shield)
rNeg     + + +     Spirit   .   b - +0 leather armour
rPois    ∞         Reflect  .   c - +0 helmet
rElec    .         Harm     .   (no cloak)
rCorr    .         Rampage  .   p - +0 pair of gloves
Will     .....                  (no boots)
Stlth    +.........             l - amulet of faith
HPRegen  0.00/turn              t - ring of protection from cold
MPRegen  0.08/turn              (no ring)

@: no status effects
A: claws 1, cold resistance 1, negative energy resistance 3, inhibited
regeneration, torment resistance, unbreathing
a: no special abilities


You were on level 2 of the Dungeon.
You visited 1 branch of the dungeon, and saw 2 of its levels.

You collected 82 gold pieces.

Inventory:

Hand Weapons
 a - a +0 long sword (weapon)
Missiles
 d - 3 throwing nets (quivered)
Armour
 b - a +0 leather armour (worn)
 c - a +0 helmet (worn)
 p - a +0 pair of gloves (worn)
Jewellery
 l - an amulet of faith (around neck)
 t - a ring of protection from cold (left hand)
Scrolls
 e - 2 scrolls of teleportation {unknown}
 f - 2 scrolls of enchant armour {unknown}
 g - 4 scrolls of identify {unknown}
 i - a scroll of random uselessness {unknown}
 k - a scroll of enchant weapon {unknown}
 o - a scroll of magic mapping {unknown}
 q - a scroll of amnesia {unknown}
 s - a scroll of remove curse {unknown}
Potions
 h - a potion of degeneration {unknown}
 j - a potion of attraction {unknown}
 m - a potion of lignification {unknown}
 n - a potion of brilliance {unknown}
 r - 3 potions of curing {unknown}
 u - a potion of resistance {unknown}


   Skills:
 + Level 2.7 Fighting
 * Level 3.3 Long Blades
 - Level 1.7 Throwing
 * Level 1.7 Armour
 + Level 3.0 Dodging


You had 3 spell levels left.
You didn't know any spells.
Your spell library was empty.

Dungeon Overview and Level Annotations

Branches:
Dungeon (2/15)

Altars:


Innate Abilities, Weirdness & Mutations

You thrive by killing the living.
You are immune to poison.
You have sharp fingernails.
Your flesh is cold resistant. (rC+)
You are immune to negative energy. (rN+++)
You do not regenerate when monsters are visible.
You are immune to unholy pain and torment.
You can survive without breathing.


Message History

The hobgoblin is almost dead.
The orc hits you.
The hobgoblin hits you but does no damage.
You hit the orc.
The orc is lightly wounded.
The orc barely misses you.
You riposte.
You barely miss the orc.
The orc is lightly wounded.
The hobgoblin closely misses you.
You hit the orc but do no damage.
The orc is lightly wounded.
The orc hits you.
* * * LOW HITPOINT WARNING * * *
The hobgoblin hits you.
* * * LOW HITPOINT WARNING * * *
You hit the orc.
The orc is severely wounded.
The orc hits you but does no damage. The hobgoblin hits you.
* * * LOW HITPOINT WARNING * * *
The orc hits you.
You die...

.......((......#
...............#
...#.g.........##### #
###.(....(.#....<
###o...)).......
#.....$.)....... ##########
#g#............. ..........
#g#.............
........########@#.......>.....
............)....o.............
..<.....#######.##.............
........# #.##.............
........# #....#.....#.....
........# ...###########
........# .#.# ........# #. .#
.######## #. ##


You could see an orc and 2 hobgoblins.

Vanquished Creatures
  An adder (D:2)
  An ooze (D:2)
  A worm (D:2)
  2 orcs (D:2)
  7 giant cockroaches
  4 goblins
  8 hobgoblins
  6 kobolds
  A quokka (D:2)
  4 bats
  4 frilled lizards
  2 rats
41 creatures vanquished.

Notes
Turn   | Place    | Note
-------+----------+-------------------------------------------
     0 | D:1      | Borgoz the Ghoul Gladiator began the quest for the Orb.
     0 | D:1      | Reached XP level 1. HP: 17/17 MP: 0/0
    88 | D:1      | Reached XP level 2. HP: 15/24 MP: 1/1
   422 | D:1      | Reached skill level 1 in Armour
   892 | D:2      | Reached XP level 3. HP: 30/30 MP: 2/2
  1298 | D:2      | Reached XP level 4. HP: 23/37 MP: 3/3
  1315 | D:2      | Slain by an orc

Illustrated notes

Levels and vault maps discovered:
D:1:      dpeg_arrival_round_c, layout_loops_ring, due_unseen_surprise
D:2:      layout_rooms, serial_park_tiny_2

Skill      XL: |  1  2  3 |
---------------+----------+-----
Armour         | 1 |  1.7
Long Blades    | 3 |  3.3
Dodging        | 3 |  3.0
Fighting       | |  2.7
Throwing       | |  1.7

Action                   |  1- 3 |  4- 6 || total
-------------------------+-------+-------++-------
Melee: Long sword        |   114 |    10 ||   124
Throw: Throwing net      |     2 |       ||     2
Armor: Leather armour    |    45 |     9 ||    54
Dodge: Dodged            |   105 |    17 ||   122
       Rpst.: Long sword |    34 |     8 ||    42
